 Dungeon Crawl Stone Soup version 0.22-a0-284-g99d1f74 (webtiles) character file.

3770 grindst0ne the Archer (level 9, -19/89 HPs)
             Began as a Centaur Hunter on Mar 21, 2018.
             Was a Priest of Okawaru.
             Killed from afar by an orc warrior (21 damage)
             ... with an exploding inner flame
             ... hexed by the player character
             ... in a bailey.
             The game lasted 00:23:54 (8787 turns).

grindst0ne the Archer (Centaur Hunter)              Turns: 8787, Time: 00:23:55

Health: -19/89     AC:  7    Str: 25    XL:     9   Next: 94%
Magic:  0/0        EV:  9    Int: 12    God:    Okawaru [***...]
Gold:   268        SH:  0    Dex: 10    Spells: 8/8 levels left

rFire    + . .     SeeInvis .   a - +1 shortbow
rCold    . . .     Gourm    .   (shield currently unavailable)
rNeg     . . .     Faith    .   c - +0 leather armour
rPois    .         Spirit   .   (no helmet)
rElec    .         Reflect  .   (no cloak)
rCorr    .         Harm     .   w - +2 pair of gloves "Uskoir" {MP-9 Str+9}
MR       +....                  (no barding)
Stlth    +.........             (no amulet)
HPRegen  0.24/turn              j - ring of protection from fire
MPRegen  0.07/turn              m - ring of protection from magic

@: marked, very quick
A: large, hooves 3, deformed body, speed 2, tough skin 3
a: Heroism, Renounce Religion


You were in a bailey.
You worshipped Okawaru.
Okawaru was most pleased with you.
You were not hungry.

You visited 2 branches of the dungeon, and saw 9 of its levels.
You also visited: Bailey.

You collected 448 gold pieces.
You spent 180 gold pieces at shops.

Inventory:

Hand Weapons
 a - a +1 shortbow (weapon)
 b - a +0 hand axe
 g - a +0 short sword
Missiles
 i - 115 arrows (quivered)
Armour
 c - a +0 leather armour (worn)
 w - the +2 pair of gloves "Uskoir" (worn) {MP-9 Str+9}
   (You bought it in a shop on level 5 of the Dungeon)

   It affects your strength (+9).
   It affects your magic capacity (-9).
Jewellery
 d - an uncursed ring of positive energy
 j - a ring of protection from fire (left hand)
 m - a ring of protection from magic (right hand)
 q - an uncursed ring of positive energy
 z - an uncursed ring of stealth
Wands
 y - a wand of iceblast (10)
 B - a wand of paralysis (6)
Scrolls
 h - a scroll of fear {unknown}
 k - a scroll of magic mapping {unknown}
 n - 2 scrolls of amnesia {unknown}
 p - 4 scrolls of remove curse
 r - a scroll of enchant armour {unknown}
 t - 2 scrolls of teleportation {unknown}
 u - 2 scrolls of noise {unknown}
 x - a scroll of fog
 D - a scroll of enchant weapon {unknown}
Potions
 l - a potion of resistance
 o - 2 potions of magic
 s - 3 potions of curing
 v - 3 potions of brilliance
 A - a potion of haste
 C - a potion of agility {unknown}
 E - 2 potions of berserk rage {unknown}
 G - a potion of mutation {unknown}
Comestibles
 f - 18 rations
 F - 4 chunks of flesh


   Skills:
 + Level 11.4 Fighting
 - Level 12.0 Bows
 - Level 1.3 Dodging
 - Level 0.4 Stealth


You had 8 spell levels left.
You didn't know any spells.

Dungeon Overview and Level Annotations

Branches:
Dungeon (8/15)             Temple (1/1) D:4
   Lair: D:8-11

Altars:
Ashenzari
Cheibriados
Elyvilon
Fedhas
Hepliaklqana
Makhleb
Nemelex Xobeh
Okawaru
Ru
Sif Muna
Trog
Vehumet
Wu Jian
Yredelemnul
Zin
The Shining One

Shops:
D:5 %*=   D:6 %   D:7 [

Annotations:
D:6 exclusion: downstairs


Innate Abilities, Weirdness & Mutations

You have hooves in place of feet.
Armour fits poorly on your strangely shaped body.
You cover ground very quickly.
You have extremely tough skin. (AC +3)


Message History

[Y]es or [N]o only, please.
Really attack while wielding your +1 shortbow? [Y]es or [N]o only, please.
Really attack while wielding your +1 shortbow? [Y]es or [N]o only, please.
Really attack while wielding your +1 shortbow?
Okay, then.
Firing (i - inventory)
i - 116 arrows (quivered)
Press: ? - help, Shift-Dir - straight line, f - orc warrior
Aim: an orc warrior, wielding a war axe and wearing a scale mail (severely wounded, unusually strong, inner flame)
You shoot an arrow. The arrow hits the orc warrior.
The orc warrior is almost dead.
The hobgoblin barely misses you.
Firing (i - inventory)
i - 115 arrows (quivered)
Press: ? - help, Shift-Dir - straight line, f/p - orc warrior
Aim: an orc warrior, wielding a war axe and wearing a scale mail (almost dead, unusually strong, inner flame)
You shoot an arrow. The arrow hits the orc warrior.
The orc warrior explodes!
The fiery explosion engulfs you! You resist.
You die...

#≈.≈#
K≈.≈K
##≈o≈##
K≈o≈(
#≈)≈#
≈o≈
##g##
▓§gg▓
▓§§@▓
▓.o§▓
▓▓▓▓▓


You could see an orc knight (inner flame), 2 orc warriors, an orc (inner flame),
2 hobgoblins, a goblin (inner flame) and 2 kobolds.

Vanquished Creatures
  An ugly thing (D:7)
  Grinder (D:4)
  2 hippogriffs (D:7)
  A spriggan (D:7)
  A wyvern (D:8)
  An orc warrior (Bailey)
  3 ice beasts
  4 phantoms
  3 centaurs
  A bullfrog (D:6)
  A scorpion (D:7)
  6 killer bees (D:7)
  8 wights (D:6)
  A crimson imp (D:5)
  A quasit (D:7)
  3 orc wizards (D:5)
  3 jellies
  An orc priest (D:3)
  A hound (D:4)
  2 bullfrog skeletons
  3 iguanas
  5 worker ants
  A howler monkey zombie (D:5)
  11 adders
  A shadow imp (D:6)
  2 adder skeletons
  6 worms
  2 dart slugs
  4 leopard geckos
  35 orcs
  2 ball pythons
  11 bats
  8 giant cockroaches
  8 hobgoblins
  9 jackals
  9 quokkas
  7 frilled lizards
  13 goblins
  9 kobolds
  2 leopard gecko zombies
  A quokka skeleton (D:7)
  A quokka zombie (D:7)
  15 rats
210 creatures vanquished.

Notes
Turn   | Place    | Note
-------+----------+-------------------------------------------
     0 | D:1      | grindst0ne the Centaur Hunter began the quest for the Orb.
     0 | D:1      | Reached XP level 1. HP: 17/17 MP: 1/1
   112 | D:1      | Reached XP level 2. HP: 19/24 MP: 2/2
   134 | D:1      | Reached skill level 6 in Bows
   656 | D:1      | Reached XP level 3. HP: 27/29 MP: 3/3
  1174 | D:2      | Reached skill level 7 in Bows
  1511 | D:2      | Reached XP level 4. HP: 36/36 MP: 4/4
  2074 | D:3      | Reached skill level 8 in Bows
  2671 | D:3      | Reached XP level 5. HP: 41/41 MP: 5/5
  3018 | D:3      | Reached skill level 9 in Bows
  3206 | D:4      | Reached XP level 6. HP: 30/48 MP: 6/6
  3318 | D:4      | Found an ornate altar of the Wu Jian Council.
  3402 | D:4      | Noticed Grinder
  3431 | D:4      | Killed Grinder
  3431 | D:4      | Reached skill level 10 in Bows
  3602 | D:4      | Found a staircase to the Ecumenical Temple.
  3753 | D:4      | Found a radiant altar of Vehumet.
  3849 | Temple   | Entered the Ecumenical Temple
  4001 | Temple   | Became a worshipper of Warmaster Okawaru
  4489 | D:4      | Noticed a moth of wrath
  4492 | D:4      | Found a bloodstained altar of Trog.
  4639 | D:4      | Reached XP level 7. HP: 55/55 MP: 7/7
  4699 | D:5      | Entered Level 5 of the Dungeon
  4703 | D:5      | Reached skill level 11 in Bows
  4925 | D:5      | Found Igremm's Jewellery Shop.
  5166 | D:5      | Reached skill level 12 in Bows
  5749 | D:5      | Found Nunyxaoc's Assorted Antiques.
  5757 | D:5      | Bought a pair of blackened gloves for 180 gold pieces
  5762 | D:5      | Identified the +2 pair of gloves "Uskoir" {MP-9 Str+9} (You bought it in a shop on level 5 of the Dungeon)
  5798 | D:5      | Reached * piety under Okawaru
  5809 | D:5      | Reached XP level 8. HP: 65/66 MP: 0/8
  5864 | D:5      | Found Seph's Food Shoppe.
  6128 | D:6      | Reached skill level 5 in Fighting
  6273 | D:6      | Reached ** piety under Okawaru
  6408 | D:6      | Found a shattered altar of Ashenzari.
  6726 | D:6      | Found Nene's Food Emporium.
  6862 | D:6      | Reached XP level 9. HP: 70/82 MP: 0/9
  7030 | D:7      | Reached *** piety under Okawaru
  7192 | D:7      | Found a deep blue altar of Sif Muna.
  7604 | D:7      | Reached skill level 10 in Fighting
  8014 | D:7      | Found Ofek Kup's Antique Armour Emporium.
  8015 | D:7      | Noticed a brown ugly thing
  8230 | D:7      | Killed a brown ugly thing
  8230 | D:7      | Received a gift from Okawaru
  8744 | D:8      | Found a flagged portal.
  8749 | Bailey   | Entered a bailey
  8770 | Bailey   | Noticed an orc knight
  8785 | Bailey   | HP: 2/89 [orc warrior/war axe (24)]
  8787 | Bailey   | Killed from afar by an orc warrior

Vault maps used:
D:1:      lightli_arrival_isolated_outpost, minmay_pentomino_o2
D:2:      first_ration, minmay_joined_circles
D:4:      lemuel_doored_altar, marbit_many_paths, tgw_trog,
          minmay_temple_entry_fiery, uniq_grinder
D:5:      serial_shops, nicolae_shop_trees, shop, nicolae_shop_crystal
D:6:      nicolae_overflow_crystal_walls, serial_shops, shop, st_stairs_5,
          hangedman_decor_diamond_cutter, grunt_ministairs_2,
          kennysheep_generic_room_16
D:7:      nicolae_overflow_hidden_temple, serial_shops, shop, the_bakery
D:8:      due_megacathedral, minitemple, enter_bailey_3
Temple:   minmay_temple_curvy_loop
Bailey:   bailey_axe_1, bailey

Skill      XL: |  1  2  3  4  5  6  7  8  9 |
---------------+----------------------------+-----
Bows           | 6 7 8 9 10 12 | 12.0
Fighting       | 3 8 11 | 11.4
Dodging        | |  1.3
Stealth        | |  0.4

Action                   |  1- 3 |  4- 6 |  7- 9 || total
-------------------------+-------+-------+-------++-------
Melee: Hand axe          |    96 |    40 |       ||   136
       Kick              |    17 |     3 |       ||    20
 Fire: Shortbow          |    59 |   185 |   463 ||   707
Evoke: Wand              |       |       |    10 ||    10
  Use: Potion            |       |     4 |       ||     4
       Scroll            |       |       |     5 ||     5
  Eat: Chunk             |     1 |     8 |     9 ||    18
Armor: Leather armour    |    47 |    26 |    31 ||   104
       Skin              |       |    29 |       ||    29
Dodge: Dodged            |    72 |    50 |    33 ||   155

Table legend:
 A = Spawn XP
 B = Non-spawn XP
 C = Spawn XP percentage of total XP
 D = Spawn monster count
 E = Non-spawn monster count
 F = Spawn count percentage of total count
 G = Total turns spent on level
                    A         B        C        D         E        F      G
               +---------+---------+-------+---------+---------+-------+---------
         Total |       0 |    5386 |   0.0 |       0 |     210 |   0.0 |  8787
               +---------+---------+-------+---------+---------+-------+---------
           D:1 |       0 |      58 |   0.0 |       0 |      35 |   0.0 |  1099
           D:2 |       0 |      63 |   0.0 |       0 |      23 |   0.0 |   868
           D:3 |       0 |     157 |   0.0 |       0 |      36 |   0.0 |  1161
           D:4 |       0 |     456 |   0.0 |       0 |      15 |   0.0 |  1274
           D:5 |       0 |     692 |   0.0 |       0 |      31 |   0.0 |  1270
           D:6 |       0 |    1519 |   0.0 |       0 |      31 |   0.0 |  1170
           D:7 |       0 |    1988 |   0.0 |       0 |      23 |   0.0 |  1315
           D:8 |       0 |     318 |   0.0 |       0 |      12 |   0.0 |   295
        Bailey |       0 |     135 |   0.0 |       0 |       4 |   0.0 |    38
               +---------+---------+-------+---------+---------+-------+---------
